 Dungeon Crawl Stone Soup version 0.18.1-5-g4a78601 (webtiles) character file.

35 oplop the Skirmisher (level 3, -1/36 HPs)
             Began as an Ogre Arcane Marksman on May 13, 2016.
             Slain by an adder (2 damage)
             ... on level 2 of the Dungeon.
             The game lasted 00:02:06 (1354 turns).

oplop the Skirmisher (Ogre Arcane Marksman)         Turns: 1354, Time: 00:02:06

Health: -1/36      AC:  3    Str: 16    XL:     3   Next: 33%
Magic:  4/4        EV: 10    Int: 12    God:
Gold:   30         SH:  0    Dex: 10    Spells: 1 memorised, 3 levels left

rFire  . . .     SeeInvis .     e - +0 club
rCold  . . .     Gourm    .     a - +0 robe
rNeg   . . .     Faith    .     (no shield)
rPois  .         Spirit   .     (helmet restricted)
rElec  .         Dismiss  .     (no cloak)
rCorr  .         Reflect  .     (gloves unavailable)
SustAt .         Harm     +     (boots unavailable)
MR     .....                    i - amulet of harm
Stlth  +.........               (no ring)
                                (no ring)

@: lethally poisoned (-1 -> -7), not resistant to hostile enchantments, very
unstealthy
A: unfitting armour, tough skin 1
a: no special abilities


You were on level 2 of the Dungeon.
You were near starving.

You visited 1 branch of the dungeon, and saw 2 of its levels.

You collected 30 gold pieces.

Inventory:

Hand Weapons
 e - a +0 club (weapon)
Armour
 a - a +0 robe (worn)
Jewellery
 i - an amulet of harm (around neck)
Scrolls
 g - 2 scrolls of immolation {unknown}
Potions
 j - a potion of berserk rage {unknown}
Books
 b - a book of Debilitation

   Spells                             Type                      Level
   a - Corona                         Hexes                        1
   b - Slow                           Hexes                        2
   c - Gell's Gravitas                Hexes/Translocation          3
   d - Inner Flame                    Hexes/Fire                   3
   e - Cause Fear                     Hexes                        4
   f - Leda's Liquefaction            Hexes/Earth                  4
Comestibles
 f - 2 bread rations


   Skills:
 + Level 2.8 Fighting
 + Level 1.5 Maces & Flails
 + Level 2.7 Throwing
 - Level 1.7 Dodging
 - Level 1.2 Spellcasting
 - Level 2.1 Hexes


You had 3 spell levels left.
You knew the following spells:

 Your Spells              Type           Power        Failure   Level  Hunger
a - Corona                Hex            #......      14%         1    ##.....


Dungeon Overview and Level Annotations

Branches:
Dungeon (2/15)

Altars:


Innate Abilities, Weirdness & Mutations

You are too large for most types of armour.
You have tough skin (AC +1).


Message History

The adder is moderately wounded.
The adder barely misses you. The kobold hits you but does no damage.
The adder bites you but does no damage. The kobold closely misses you.
You completely miss the adder.
The adder is lightly wounded.
* * * LOW HITPOINT WARNING * * *
You feel sick. The adder misses you. The kobold barely misses you.
You closely miss the adder.
The adder is lightly wounded.
The adder bites you but does no damage. The kobold hits you.
* * * LOW HITPOINT WARNING * * *
The adder bites you.
* * * LOW HITPOINT WARNING * * *
You are more poisoned.
The adder poisons you!
You miss the adder.
The adder is lightly wounded.
* * * LOW HITPOINT WARNING * * *
You feel sick. The adder bites you.
You die...

. ...... #. ###......
##.##........
##..=..#.$....
..####..%#.........
...#........[....#..
....?...##...KS...?..
.............@(..?.#
.....................
..........?(....###..
................##.
...................
................###
######............
#..<.........
#######......


You could see an adder and a kobold.

Vanquished Creatures
  An adder (D:2)
  2 dart slugs (D:1)
  A giant gecko (D:1)
  A giant cockroach (D:2)
  4 hobgoblins (D:1)
  4 kobolds (D:1)
  4 bats
  4 giant newts (D:1)
  3 rats (D:1)
24 creatures vanquished.

Notes
Turn   | Place    | Note
--------------------------------------------------------------
     0 | D:1      | oplop the Ogre Arcane Marksman began the quest for the Orb.
     0 | D:1      | Reached XP level 1. HP: 19/19 MP: 2/2
   400 | D:1      | Reached XP level 2. HP: 11/28 MP: 3/3
   715 | D:1      | Reached skill level 1 in Maces & Flails
  1086 | D:1      | Reached XP level 3. HP: 21/36 MP: 4/4
  1354 | D:2      | HP: 1/36 [poisoned by an adder]
  1354 | D:2      | Slain by an adder

Skill      XL: |  1  2 |
---------------+-------+-----
Fighting       | 2 |  2.8
Maces & Flails | 1 |  1.5
Throwing       | |  2.7
Dodging        | |  1.7
Spellcasting   | |  1.2
Hexes          | |  2.1

Action                   || total
-------------------------++-------
Melee: Unarmed           ||    25
       Club              ||    94
Throw: Large rock        ||     8
       Throwing net      ||     2
  Use: Potion            ||     1
Armor: Robe              ||    45
Dodge: Dodged            ||    98
